| TOP OF THE 1ST |
|
Rice University Owls batting - Pitching for University of South Carolina Gamecocks : RHP Jayden Ross
|
|
Pitching: RHP Jayden Ross
|
|
|
Batting: RHB Russ Kennett
|
0-0: Ball 1-0: Fly out, F7 (Flyball, 7, EV 80.6 MPH)
|
|
Batting: LHB Eddie Lemus
|
0-0: Called Strike 0-1: Swinging Strike 0-2: Ball 1-2: Strikes out swinging
|
|
Batting: RHB Fred Saxton
|
0-0: Foul Ball, location: 2F 0-1: Called Strike 0-2: Ball 1-2: SINGLE (Groundball, 15S, EV 70.0 MPH) (infield hit)
|
|
Batting: LHB David Coatney
|
0-0: Ball 1-0: Called Strike 1-1: Ball 2-1: Ball 3-1: Fly out, F7 (Flyball, 7S, EV 93.1 MPH)
|
| Top of the 1st over - 0 runs, 1 hit, 0 errors, 1 left on base; Rice University 0 - University of South Carolina 0 |
| BOTTOM OF THE 1ST |
|
University of South Carolina Gamecocks batting - Pitching for Rice University Owls : RHP Shamar Hansford
|
|
Pitching: RHP Shamar Hansford
|
|
|
Batting: LHB Bruce Daley
|
0-0: Called Strike 0-1: Foul Ball, location: 2F 0-2: Foul Ball, location: 2F 0-2: Ground out 4-3 (Groundball, 4, EV 102.5 MPH)
|
|
Batting: RHB Emanuel Estrada
|
0-0: Ball 1-0: Ball 2-0: Ground out 4-3 (Groundball, 4M, EV 91.2 MPH)
|
|
Batting: RHB Mike Berzins
|
0-0: Fly out, F9 (Line Drive, 89D, EV 86.2 MPH)
|
| Bottom of the 1st over - 0 runs, 0 hits, 0 errors, 0 left on base; Rice University 0 - University of South Carolina 0 |
| TOP OF THE 2ND |
|
Rice University Owls batting - Pitching for University of South Carolina Gamecocks : RHP Jayden Ross
|
|
Batting: SHB Joan Coucieiro
|
0-0: Foul Ball, location: 2F 0-1: Foul Ball, location: 2F 0-2: Foul Ball, location: 2F 0-2: Foul Ball, location: 2F 0-2: Ball 1-2: Ground out 3-1 (Groundball, 34, EV 98.8 MPH)
|
|
Batting: RHB Adrian Quilantan
|
0-0: Called Strike 0-1: Ball 1-1: Foul Ball, location: 2F 1-2: Ball 2-2: Foul Ball, location: 2F 2-2: Strikes out swinging
|
|
Batting: RHB Alonzo Cardona
|
0-0: Ball 1-0: Fly out, F6 (Flyball, 56D, EV 89.4 MPH)
|
| Top of the 2nd over - 0 runs, 0 hits, 0 errors, 0 left on base; Rice University 0 - University of South Carolina 0 |
| BOTTOM OF THE 2ND |
|
University of South Carolina Gamecocks batting - Pitching for Rice University Owls : RHP Shamar Hansford
|
|
Batting: LHB Jose Mafano
|
0-0: Called Strike 0-1: Ground out 4-3 (Groundball, 4, EV 84.4 MPH)
|
|
Batting: RHB Danny Rodriguez
|
0-0: SINGLE (Line Drive, 4D, EV 97.5 MPH)
|
|
Batting: LHB John Harvey
|
0-0: Ball 1-0: Ball 2-0: Called Strike 2-1: Fly out, F8 (Flyball, 8LD, EV 91.9 MPH)
|
|
Batting: RHB Mike Chiquete
|
0-0: Foul Ball, location: 2F 0-1: Ball 1-1: Called Strike 1-2: Ground out 1-3 (Groundball, 15S, EV 76.9 MPH)
|
| Bottom of the 2nd over - 0 runs, 1 hit, 0 errors, 1 left on base; Rice University 0 - University of South Carolina 0 |
| TOP OF THE 3RD |
|
Rice University Owls batting - Pitching for University of South Carolina Gamecocks : RHP Jayden Ross
|
|
Batting: SHB Yu-hsui Lew
|
0-0: Fly out, F4 (Flyball, 4D, EV 87.5 MPH)
|
|
Batting: RHB Yu-zeng Mai
|
0-0: Fly out, F7 (Flyball, 7LM, EV 101.9 MPH)
|
|
Batting: RHB Russ Kennett
|
0-0: Swinging Strike 0-1: Ball 1-1: Ball 2-1: Swinging Strike 2-2: Ground out 5-3 (Groundball, 56, EV 90.6 MPH)
|
| Top of the 3rd over - 0 runs, 0 hits, 0 errors, 0 left on base; Rice University 0 - University of South Carolina 0 |
| BOTTOM OF THE 3RD |
|
University of South Carolina Gamecocks batting - Pitching for Rice University Owls : RHP Shamar Hansford
|
|
Batting: RHB Pablo Henriquez
|
0-0: Ball 1-0: Called Strike 1-1: SINGLE (Flyball, 5D, EV 83.1 MPH)
|
|
Batting: RHB Mark Squires
|
0-0: Foul Ball, location: 2F 0-1: Swinging Strike 0-2: Ball 1-2: Strikes out swinging
|
|
Batting: LHB Bruce Daley
|
0-0: Ball 1-0: Foul Ball, location: 2F 1-1: Ball 2-1: Grounds into double play, 6-4-3 (Groundball, 6, EV 88.1 MPH)
|
| Bottom of the 3rd over - 0 runs, 1 hit, 0 errors, 0 left on base; Rice University 0 - University of South Carolina 0 |
| TOP OF THE 4TH |
|
Rice University Owls batting - Pitching for University of South Carolina Gamecocks : RHP Jayden Ross
|
|
Batting: LHB Eddie Lemus
|
0-0: Ball 1-0: Ball 2-0: Called Strike 2-1: Called Strike 2-2: Strikes out swinging
|
|
Batting: RHB Fred Saxton
|
0-0: Foul Ball, location: 2F 0-1: SINGLE (Line Drive, 9LM, EV 100.6 MPH)
|
|
Batting: LHB David Coatney
|
0-0: Called Strike Fred Saxton steals 2nd base 0-1: Fly out, F7 (Flyball, 7S, EV 87.5 MPH)
|
|
Batting: SHB Joan Coucieiro
|
0-0: Ball 1-0: Ball 2-0: Ball 3-0: Base on Balls
|
|
Batting: RHB Adrian Quilantan
|
0-0: Ball 1-0: Ball 2-0: Called Strike 2-1: Ball 3-1: Foul Ball, location: 2F 3-2: Base on Balls Fred Saxton to third Joan Coucieiro to second
|
|
Batting: RHB Alonzo Cardona
|
0-0: Foul Ball, location: 2F 0-1: Ball 1-1: Foul Ball, location: 2F 1-2: Strikes out looking
|
| Top of the 4th over - 0 runs, 1 hit, 0 errors, 3 left on base; Rice University 0 - University of South Carolina 0 |
| BOTTOM OF THE 4TH |
|
University of South Carolina Gamecocks batting - Pitching for Rice University Owls : RHP Shamar Hansford
|
|
Batting: RHB Emanuel Estrada
|
0-0: Ball 1-0: Fly out, F7 (Flyball, 7D, EV 91.9 MPH)
|
|
Batting: RHB Mike Berzins
|
0-0: Called Strike 0-1: Ball 1-1: Swinging Strike 1-2: Foul Ball, location: 2F 1-2: Ball 2-2: Ball 3-2: Foul Ball, location: 2F 3-2: Foul Ball, location: 2F 3-2: SINGLE (Popup, 5D, EV 53.8 MPH)
|
|
Batting: LHB Jose Mafano
|
0-0: Ball 1-0: SINGLE (Line Drive, 9S, EV 102.5 MPH) Mike Berzins to second
|
|
Batting: RHB Danny Rodriguez
|
0-0: Called Strike 0-1: Ball 1-1: Swinging Strike 1-2: Fielders Choice at 2nd, 6-4 (Groundball, 6, EV 91.9 MPH) Mike Berzins to third
|
|
Batting: LHB John Harvey
|
0-0: Foul Ball, location: 2F 0-1: Fly out, F8 (Flyball, 8RD, EV 85.6 MPH)
|
| Bottom of the 4th over - 0 runs, 2 hits, 0 errors, 2 left on base; Rice University 0 - University of South Carolina 0 |
| TOP OF THE 5TH |
|
Rice University Owls batting - Pitching for University of South Carolina Gamecocks : RHP Jayden Ross
|
|
Batting: SHB Yu-hsui Lew
|
0-0: Fly out, F7 (Flyball, 7S, EV 87.5 MPH)
|
|
Batting: RHB Yu-zeng Mai
|
0-0: SINGLE (Line Drive, 8RS, EV 93.8 MPH)
|
|
Batting: RHB Russ Kennett
|
0-0: Fielders Choice at 2nd, 6-4 (Groundball, 6, EV 79.4 MPH)
|
|
Batting: LHB Eddie Lemus
|
0-0: Ball 1-0: Ball 2-0: Ball 3-0: Base on Balls Russ Kennett to second
|
|
Batting: RHB Fred Saxton
|
0-0: Called Strike 0-1: Fly out, F8 (Flyball, 8LD, EV 108.8 MPH)
|
| Top of the 5th over - 0 runs, 1 hit, 0 errors, 2 left on base; Rice University 0 - University of South Carolina 0 |
| BOTTOM OF THE 5TH |
|
University of South Carolina Gamecocks batting - Pitching for Rice University Owls : RHP Shamar Hansford
|
|
Batting: RHB Mike Chiquete
|
0-0: Ball 1-0: Called Strike 1-1: Fly out, F8 (Flyball, 89S, EV 97.5 MPH)
|
|
Batting: RHB Pablo Henriquez
|
0-0: Ball 1-0: Swinging Strike 1-1: SINGLE (Groundball, 34D, EV 97.5 MPH)
|
|
Batting: RHB Mark Squires
|
0-0: Ball 1-0: Called Strike 1-1: Called Strike 1-2: Foul Ball, location: 2F 1-2: Ball 2-2: Foul Ball, location: 2F 2-2: Fly out, F9 (Line Drive, 9, EV 105.6 MPH)
|
|
Batting: LHB Bruce Daley
|
0-0: Called Strike 0-1: Ball 1-1: Ball 2-1: Swinging Strike 2-2: Foul Ball, location: 2F 2-2: Strikes out looking
|
| Bottom of the 5th over - 0 runs, 1 hit, 0 errors, 1 left on base; Rice University 0 - University of South Carolina 0 |
| TOP OF THE 6TH |
|
Rice University Owls batting - Pitching for University of South Carolina Gamecocks : RHP Jayden Ross
|
|
Batting: LHB David Coatney
|
0-0: Ball 1-0: Ball 2-0: Called Strike 2-1: Ball 3-1: Base on Balls
|
|
Batting: SHB Joan Coucieiro
|
0-0: Ball 1-0: SINGLE (Groundball, 34D, EV 103.8 MPH) David Coatney to second Runner from 2nd tries for 3rd, SAFE, no throw by RF
|
|
Batting: RHB Adrian Quilantan
|
0-0: Called Strike 0-1: Ball 1-1: Foul Ball, location: 2F 1-2: SINGLE (Flyball, 6D, EV 90.6 MPH) David Coatney scores Joan Coucieiro to second
|
|
Batting: RHB Alonzo Cardona
|
0-0: Fielders Choice at 2nd, 3-6 (Groundball, 34S, EV 91.9 MPH) Joan Coucieiro to third
|
|
Pitching: RHP Takuzo Sato
|
|
|
Batting: SHB Yu-hsui Lew
|
0-0: Called Strike 0-1: Fly out, F7 (Line Drive, 7, EV 96.2 MPH) Runner from 3rd tags up, SCORES, throw by LF
|
|
Batting: RHB Yu-zeng Mai
|
0-0: Ball 1-0: Foul Ball, location: 2F 1-1: Swinging Strike 1-2: Foul Ball, location: 2F 1-2: Ground out 5-3 (Groundball, 56S, EV 67.5 MPH)
|
| Top of the 6th over - 2 runs, 2 hits, 0 errors, 1 left on base; Rice University 2 - University of South Carolina 0 |
| BOTTOM OF THE 6TH |
|
University of South Carolina Gamecocks batting - Pitching for Rice University Owls : RHP Shamar Hansford
|
|
Batting: RHB Emanuel Estrada
|
0-0: Ball 1-0: Called Strike 1-1: Fly out, F6 (Line Drive, 6, EV 70.0 MPH)
|
|
Batting: RHB Mike Berzins
|
0-0: Ball 1-0: SINGLE (Line Drive, 78S, EV 103.8 MPH)
|
|
Batting: LHB Jose Mafano
|
0-0: Ball 1-0: Ball 2-0: Called Strike 2-1: Grounds out, U3 (Groundball, 3L, EV 87.5 MPH)
|
|
Batting: RHB Danny Rodriguez
|
0-0: Foul Ball, location: 2F 0-1: Ground out 6-3 (Groundball, 6S, EV 80.0 MPH)
|
| Bottom of the 6th over - 0 runs, 1 hit, 0 errors, 1 left on base; Rice University 2 - University of South Carolina 0 |
| TOP OF THE 7TH |
|
Rice University Owls batting - Pitching for University of South Carolina Gamecocks : RHP Takuzo Sato
|
|
Batting: RHB Russ Kennett
|
0-0: Ball 1-0: Fly out, F7 (Flyball, 7, EV 85.0 MPH)
|
|
Batting: LHB Eddie Lemus
|
0-0: Ground out 4-3 (Groundball, 4, EV 83.8 MPH)
|
|
Batting: RHB Fred Saxton
|
0-0: Ball 1-0: Called Strike 1-1: Swinging Strike 1-2: Reached on error, E5 (Groundball, 56, EV 82.5 MPH)
|
|
Batting: LHB David Coatney
|
0-0: Fly out, F7 (Flyball, 7S, EV 85.6 MPH)
|
| Top of the 7th over - 0 runs, 0 hits, 1 error, 1 left on base; Rice University 2 - University of South Carolina 0 |
| BOTTOM OF THE 7TH |
|
University of South Carolina Gamecocks batting - Pitching for Rice University Owls : RHP Shamar Hansford
|
|
Batting: LHB John Harvey
|
0-0: Foul Ball, location: 2F 0-1: Fly out, F7 (Line Drive, 7, EV 96.9 MPH)
|
|
Pitching: RHP Takeru Inoue
|
|
|
Batting: RHB Mike Chiquete
|
0-0: Called Strike 0-1: Fly out, F8 (Flyball, 8RM, EV 88.1 MPH)
|
|
Batting: RHB Pablo Henriquez
|
0-0: Fly out, F8 (Line Drive, 8RM, EV 97.5 MPH)
|
| Bottom of the 7th over - 0 runs, 0 hits, 0 errors, 0 left on base; Rice University 2 - University of South Carolina 0 |
| TOP OF THE 8TH |
|
Rice University Owls batting - Pitching for University of South Carolina Gamecocks : RHP Takuzo Sato
|
|
Batting: SHB Joan Coucieiro
|
0-0: Ball 1-0: Ball 2-0: Called Strike 2-1: Ball 3-1: Foul Ball, location: 2F 3-2: Strikes out swinging
|
|
Batting: RHB Adrian Quilantan
|
0-0: Called Strike 0-1: Ball 1-1: Ball 2-1: Ball 3-1: Called Strike 3-2: Strikes out swinging
|
|
Batting: RHB Alonzo Cardona
|
0-0: Called Strike 0-1: Ball 1-1: Called Strike 1-2: Strikes out swinging, 2-3 out at first.
|
| Top of the 8th over - 0 runs, 0 hits, 0 errors, 0 left on base; Rice University 2 - University of South Carolina 0 |
| BOTTOM OF THE 8TH |
|
University of South Carolina Gamecocks batting - Pitching for Rice University Owls : RHP Takeru Inoue
|
|
Batting: RHB Mark Squires
|
0-0: Fly out, F6 (Flyball, 6MD, EV 81.9 MPH)
|
|
Batting: LHB Bruce Daley
|
0-0: Called Strike 0-1: Ball 1-1: Foul Ball, location: 2F 1-2: Foul Ball, location: 2F 1-2: Ball 2-2: Ball 3-2: Foul Ball, location: 2F 3-2: SINGLE (Flyball, 8RS, EV 91.2 MPH)
|
|
Pinch Hitting: RHB Colin Morris
|
0-0: Fly out, F8 (Line Drive, 8LM, EV 90.0 MPH)
|
|
Batting: RHB Mike Berzins
|
0-0: Called Strike 0-1: Ground out U3 (Groundball, 34, EV 90.0 MPH)
|
| Bottom of the 8th over - 0 runs, 1 hit, 0 errors, 1 left on base; Rice University 2 - University of South Carolina 0 |
| TOP OF THE 9TH |
|
Rice University Owls batting - Pitching for University of South Carolina Gamecocks : RHP Takuzo Sato
|
|
Pitching: LHP Josh Schmidt
|
|
|
Now in CF: Jim Smallwood
|
|
|
Batting: SHB Yu-hsui Lew
|
0-0: Ball 1-0: Ball 2-0: Called Strike 2-1: Ground out U3 (Groundball, 3, EV 90.6 MPH)
|
|
Batting: RHB Yu-zeng Mai
|
0-0: Ball 1-0: Called Strike 1-1: Called Strike 1-2: Foul Ball, location: 2F 1-2: DOUBLE (Flyball, 78D, EV 100.0 MPH)
|
|
Batting: RHB Russ Kennett
|
0-0: Ground out 1-3 (Groundball, 13S, EV 73.8 MPH) Yu-zeng Mai to third
|
|
Batting: RHB Alex Ruybalid
|
0-0: Ball 1-0: Foul Ball, location: 2F 1-1: Ball 2-1: Ball 3-1: Called Strike 3-2: Foul Ball, location: 2F 3-2: Foul Ball, location: 2F 3-2: Foul Ball, location: 2F 3-2: Base on Balls
|
|
Batting: RHB Fred Saxton
|
0-0: Called Strike 0-1: Ball 1-1: Ball 2-1: Ball 3-1: Fly out, F7 (Flyball, 7, EV 73.1 MPH)
|
| Top of the 9th over - 0 runs, 1 hit, 0 errors, 2 left on base; Rice University 2 - University of South Carolina 0 |
| BOTTOM OF THE 9TH |
|
University of South Carolina Gamecocks batting - Pitching for Rice University Owls : RHP Takeru Inoue
|
|
Pitching: RHP John Kerfoot
|
|
|
Batting: LHB Jose Mafano
|
0-0: Ground out U3 (Groundball, 3L, EV 105.0 MPH)
|
|
Batting: RHB Danny Rodriguez
|
0-0: Ball 1-0: Ball 2-0: DOUBLE (Flyball, 78D, EV 92.5 MPH)
|
|
Pinch Hitting: SHB Ron Handford
|
0-0: Called Strike 0-1: Ground out U3 (Groundball, 3, EV 102.5 MPH) Danny Rodriguez to third
|
|
Pinch Hitting: LHB Osmo Leino
|
0-0: Swinging Strike 0-1: Ball 1-1: Foul Ball, location: 2F 1-2: Ball 2-2: Ball 3-2: Strikes out swinging
|
| Bottom of the 9th over - 0 runs, 1 hit, 0 errors, 1 left on base; Rice University 2 - University of South Carolina 0 |
|